 Dungeon Crawl Stone Soup version 0.23-a0-625-g1d2cd9b (webtiles) character file.

100 Leeroy the Slasher (level 4, 0/34 HPs)
             Began as a Barachi Skald on Dec 24, 2018.
             Killed by nerve-wracking pain
             ... invoked by an orc priest
              (11 damage)
             ... on level 4 of the Dungeon.
             The game lasted 00:06:56 (2466 turns).

Leeroy the Slasher (Barachi Skald)                  Turns: 2466, Time: 00:06:56

Health: 0/34       AC: 12    Str: 13    XL:     4   Next: 73%
Magic:  7/7        EV:  3    Int: 14    God:
Gold:   158        SH:  0    Dex: 11    Spells: 1/7 levels left

rFire    . . .     SeeInvis .   a - +0 falchion
rCold    . . .     Gourm    .   (no shield)
rNeg     . . .     Faith    .   m - +1 plate armour
rPois    .         Spirit   .   (no helmet)
rElec    .         Reflect  .   (no cloak)
rCorr    .         Harm     .   (no gloves)
MR       .....                  q - +0 pair of boots
Stlth    ..........             (no amulet)
HPRegen  0.11/turn              (no ring)
MPRegen  0.10/turn              (no ring)

@: drained, slow
A: +LOS, swims, slowness 1, strong legs 1
a: Hop


You were on level 4 of the Dungeon.
You were very hungry.

You visited 1 branch of the dungeon, and saw 4 of its levels.

You collected 158 gold pieces.

Inventory:

Hand Weapons
 a - a +0 falchion (weapon)
 f - a +0 spear
 i - a +0 whip
 o - a +0 hand axe
 u - a +0 hunting sling
Missiles
 c - 52 arrows
 e - 82 stones (quivered)
 l - 18 bolts
Armour
 b - a +0 leather armour
 m - a +1 plate armour (worn)
 q - a +0 pair of boots (worn)
Wands
 v - a wand of iceblast (5)
Scrolls
 h - 4 scrolls of identify
 j - a scroll of teleportation {unknown}
 k - a scroll of fear {unknown}
 n - 3 scrolls of amnesia
 p - a scroll of noise
Potions
 r - a potion of ambrosia {unknown}
 s - a potion of flight {unknown}
 t - a potion of magic {unknown}
 w - a potion of cancellation {unknown}
 x - a potion of lignification {unknown}
Comestibles
 d - 5 rations
 z - 2 chunks of flesh


   Skills:
 - Level 2.4(1.5) Fighting
 * Level 4.9(4.0) Long Blades
 + Level 1.9(1.0) Armour
 - Level 2.3(1.4) Dodging
 - Level 2.3(1.5) Spellcasting
 - Level 3.8(2.9) Charms


You had one spell level left.
You knew the following spells:

 Your Spells              Type           Power        Failure   Level  Hunger
a - Infusion              Chrm           #...         100%        1    ##.....
b - Shroud of Golubria    Chrm/Tloc      #.........   100%        2    ###....
c - Spectral Weapon       Hex/Chrm       #.......     100%        3    ####...

Your spell library contained the following spells:

 Spells                   Type           Power        Failure   Level  Hunger
 Song of Slaying          Chrm           #.......     100%        2    ###....
 Regeneration             Chrm/Necr      #.........   100%        3    ####...


Dungeon Overview and Level Annotations

Branches:
Dungeon (4/15)
 Temple: D:4-7

Altars:
Cheibriados

Annotations:
D:2 1 runed door


Innate Abilities, Weirdness & Mutations

Shadows flee at your approach. (+LOS)
You can swim through water.
You cover ground slowly.
You can hop short distances.


Message History

As you read the scroll labeled IBBOKH SORAR, it crumbles to dust.
It is a scroll of identify.
n - 3 scrolls of amnesia The orc wizard hits you but does no damage.
You feel drained. The orc hits you but does no damage.
As you read the scroll labeled DASAZO MOKK, it crumbles to dust.
You hear a loud clanging noise!
It was a scroll of noise.
The orc priest hits you but does no damage.
The orc wizard hits you but does no damage.
You feel drained. The orc hits you but does no damage.
Unknown command.
As you read the scroll labeled AHEIH NEUFRINY, it crumbles to dust.
It is a scroll of enchant armour.
Your +0 plate armour glows green for a moment.
The orc priest hits you with a +1 mace of venom.
The orc hits you but does no damage. The orc wizard barely misses you.
The orc priest calls down the wrath of Beogh upon you.
Pain shoots through your body!
You die...

.# .. #. #. #. ##### #.
#... #####.######.####
.....#.รท.......o#####.###
#.##.......o@[.......
#.##.###.#.oo.##..###
#<##.# #.#....... #.##.#
#.#....##.. #.##.#
#........ .# ..##.#
#####..##. # ####.# ...# #
#.# ##.# .#


You could see an orc priest, an orc wizard and 2 orcs.

Vanquished Creatures
  4 adders
  An adder zombie (D:3)
  3 dart slugs
  A leopard gecko (D:3)
  An orc (D:3)
  A giant cockroach (D:3)
  7 goblins
  5 hobgoblins
  4 jackals (D:3)
  A quokka (D:2)
  A ball python (D:4)
  9 bats
  6 frilled lizards
  6 kobolds
  3 rats
53 creatures vanquished.

Notes
Turn   | Place    | Note
-------+----------+-------------------------------------------
     0 | D:1      | Leeroy the Barachi Skald began the quest for the Orb.
     0 | D:1      | Reached XP level 1. HP: 17/17 MP: 3/3
    97 | D:1      | Reached XP level 2. HP: 23/23 MP: 5/5
   101 | D:1      | Learned a level 2 spell: Shroud of Golubria
   288 | D:1      | Reached skill level 3 in Long Blades
   862 | D:2      | Found a faded altar of an unknown god.
   941 | D:2      | Reached XP level 3. HP: 28/28 MP: 2/6
   947 | D:2      | Learned a level 3 spell: Spectral Weapon
  1282 | D:2      | Found a runed door.
  1526 | D:3      | Reached skill level 4 in Long Blades
  1787 | D:3      | Reached XP level 4. HP: 22/34 MP: 7/7
  2034 | D:3      | Found a snail-covered altar of Cheibriados.
  2466 | D:4      | Killed from afar by an orc priest

Vault maps used:
D:1:      dpeg_arrival_simpleton_a
D:2:      first_ration, chequers_ecumenical_altar_island,
          uniq_crazy_yiuf_cottage
D:3:      cheibriados_altar_1

Skill      XL: |  1  2  3 |
---------------+----------+-----
Long Blades    | 3 4 |  4.9
Fighting       | |  2.4
Armour         | |  1.9
Dodging        | |  2.3
Spellcasting   | |  2.3
Charms         | |  3.8

Action                   |  1- 3 |  4- 6 || total
-------------------------+-------+-------++-------
Melee: Falchion          |   104 |    85 ||   189
       Hand axe          |     7 |     2 ||     9
Throw: Stone             |     6 |       ||     6
  Use: Scroll            |       |     3 ||     3
  Eat: Chunk             |     4 |     1 ||     5
Armor: Leather armour    |    13 |       ||    13
       Plate armour      |   139 |    78 ||   217
Dodge: Dodged            |    68 |    18 ||    86
       Rpst.: Falchion   |    23 |     6 ||    29

Table legend:
 A = Non-vault XP
 B = Vault XP
 C = Vault XP percentage of total XP
 D = Non-vault monster count
 E = Vault monster count
 F = Vault count percentage of total count
                 A         B        C        D         E       F
            +---------+---------+-------+---------+---------+-------
      Total |     143 |       0 |   0.0 |      53 |       0 |   0.0
            +---------+---------+-------+---------+---------+-------
        D:1 |      30 |       0 |   0.0 |      18 |       0 |   0.0
        D:2 |      28 |       0 |   0.0 |       9 |       0 |   0.0
        D:3 |      83 |       0 |   0.0 |      24 |       0 |   0.0
        D:4 |       2 |       0 |   0.0 |       2 |       0 |   0.0
            +---------+---------+-------+---------+---------+-------
